 Dungeon Crawl Stone Soup version 0.26.0-7-g794d0892b4 (webtiles) character file.

Game seed: 13675437781578196545

479 Nolbo the Changer (level 7, -2/49 HPs)
             Began as an Octopode Transmuter on Jan 11, 2021.
             Slain by an ice beast (14 damage)
             ... on level 5 of the Dungeon.
             The game lasted 00:06:07 (7262 turns).

Nolbo the Changer (Octopode Transmuter)             Turns: 7262, Time: 00:06:08

Health: -2/49      AC:  1    Str: 10    XL:     7   Next: 11%
Magic:  11/11      EV: 13    Int: 23    God:
Gold:   138        SH:  0    Dex: 12    Spells: 1/12 levels left

rFire    . . .     SeeInvis .     - Unarmed
rCold    . . .     Faith    .   (no shield)
rNeg     . . .     Spirit   .   (helmet restricted)
rPois    .         Reflect  .   (no amulet)
rElec    .         Harm     .   f - +6 ring of intelligence
rCorr    +         Rampage  .   q - ring of resist corrosion
Will     .....                  (no ring)
Stlth    ++........             (no ring)
HPRegen  0.16/turn              (no ring)
MPRegen  0.12/turn              (no ring)
                                (no ring)
                                (no ring)

@: no status effects
A: almost no armour, stealthy swim, amphibious, 8 rings, constrict 8, camouflage
1, gelatinous body 1
a: no special abilities


You were on level 5 of the Dungeon.
You visited 1 branch of the dungeon, and saw 5 of its levels.
You also visited: Sewer.

You collected 138 gold pieces.

Inventory:

Jewellery
 f - a +6 ring of intelligence (left tentacle)
 j - an uncursed ring of ice
 q - a ring of resist corrosion (right tentacle)
Wands
 u - a wand of flame (29)
Scrolls
 c - a scroll of identify
 e - 8 scrolls of remove curse {unknown}
 h - a scroll of fear
 l - 5 scrolls of immolation {unknown}
 n - a scroll of random uselessness {unknown}
 o - a scroll of amnesia {unknown}
 r - 2 scrolls of blinking {unknown}
Potions
 a - 2 potions of curing
 b - 2 potions of heal wounds {unknown}
 d - a potion of mutation {unknown}
 g - 2 potions of haste
 i - 2 potions of attraction {unknown}
 k - a potion of lignification {unknown}
 m - 3 potions of degeneration {unknown}
 p - a potion of brilliance {unknown}
 s - 3 potions of might {unknown}
 t - a potion of magic {unknown}


   Skills:
 + Level 4.7 Fighting
 - Level 2.0 Dodging
 - Level 3.0 Unarmed Combat
 - Level 3.1 Spellcasting
 + Level 5.0 Transmutations


You had one spell level left.
You knew the following spells:

 Your Spells              Type           Power        Failure   Level
a - Beastly Appendage     Tmut           52%          1%          1
b - Wereblood             Tmut           26%          2%          2
c - Spider Form           Tmut/Pois      7%           12%         3
d - Blade Hands           Tmut           13%          38%         5

Your spell library contained the following spells:

 Spells                   Type           Power        Failure   Level
 Ice Form                 Ice/Tmut       15%          38%         4


Dungeon Overview and Level Annotations

Branches:
Dungeon (5/15)              Sewer (visited)
 Temple: D:4-7

Altars:

Shops:
D:4 }

Annotations:
D:2 Natasha
D:5 3 runed translucent doors


Innate Abilities, Weirdness & Mutations

You cannot wear most types of armour.
You are very stealthy in the water. (Stealth+)
You are amphibious.
You can wear up to eight rings at the same time.
You can use your tentacles to constrict eight enemies at once.
Your skin changes colour to match your surroundings (Stealth+).
Your rubbery body absorbs attacks. (AC +1, EV +1)


Message History

You are too injured to fight recklessly!
You are too injured to fight recklessly!
You are too injured to fight recklessly!
You are too injured to fight recklessly!
You are too injured to fight recklessly!
You are too injured to fight recklessly!
You are too injured to fight recklessly!
You are too injured to fight recklessly!
You are too injured to fight recklessly!
You tentacle-slap the ice beast but do no damage.
The ice beast is severely wounded.
You tentacle-slap the ice beast.
The ice beast is severely wounded.
The ice beast hits you but does no damage.
You barely miss the ice beast.
The ice beast is severely wounded.
The ice beast hits you.
* * * LOW HITPOINT WARNING * * *
The ice beast freezes you!
You die...

#...##.## .Z5.#..#
#.Z##.# # #..#.# .#
#..#.# ..# #..#.# ...#
##..##.# ....#
##...#..##########.....#
....##..........@Y...<..
....#..###########......
...##.## ####. +###..#
.....## ######


You could see an ice beast.

Vanquished Creatures
  A hound (D:4)
  An orc wizard (D:4)
  Jessica (D:2)
  Natasha (D:2)
  4 worker ants
  10 adders
  2 river rats (Sewer)
  A shadow imp (D:5)
  2 ufetubi (D:5)
  An ooze (D:1)
  6 worms
  4 dart slugs
  3 leopard geckos
  4 orcs
  8 bats
  6 giant cockroaches
  3 goblins
  11 hobgoblins
  12 jackals
  10 kobolds
  5 quokkas
  4 ball pythons
  13 frilled lizards
  19 rats
132 creatures vanquished.

Notes
Turn   | Place    | Note
-------+----------+-------------------------------------------
     0 | D:1      | Nolbo the Octopode Transmuter began the quest for the Orb.
     0 | D:1      | Reached XP level 1. HP: 13/13 MP: 3/3
    98 | D:1      | You fall into a shaft and drop 1 floor!
   101 | D:2      | Reached XP level 2. HP: 18/18 MP: 5/5
   353 | D:2      | Reached XP level 3. HP: 21/24 MP: 6/6
   828 | D:1      | Reached XP level 4. HP: 23/29 MP: 8/8
  1318 | D:1      | Reached skill level 3 in Transmutations
  1847 | D:2      | Noticed Natasha
  1857 | D:2      | Killed Natasha
  1858 | D:2      | Reached XP level 5. HP: 20/35 MP: 9/9
  1990 | D:2      | Learned a level 2 spell: Wereblood
  1994 | D:2      | Learned a level 3 spell: Spider Form
  2084 | D:2      | Noticed Natasha
  2194 | D:2      | Noticed Jessica
  2202 | D:2      | Killed Jessica
  4183 | D:3      | Reached XP level 6. HP: 40/42 MP: 10/10
  4385 | D:4      | Reached skill level 4 in Transmutations
  4457 | D:4      | Found a glowing drain.
  4604 | Sewer    | Entered a sewer
  6564 | D:4      | Found Nuyhy's Gadget Shoppe.
  6669 | D:4      | Learned a level 5 spell: Blade Hands
  6678 | D:5      | Entered Level 5 of the Dungeon
  6697 | D:5      | Reached XP level 7. HP: 41/49 MP: 8/11
  7016 | D:5      | Found a runed translucent gate.
  7016 | D:5      | Found a runed translucent gate.
  7016 | D:5      | Found a runed translucent gate.
  7082 | D:5      | Reached skill level 5 in Transmutations
  7262 | D:5      | Slain by an ice beast

Illustrated notes

Levels and vault maps discovered:
D:1:      dpeg_arrival_simpleton_a, layout_basic
D:2:      layout_loops_ring, dk_vineyard_3, uniq_natasha, uniq_jessica
D:3:      layout_loops_corners, minmay_misc_feat_five, minivault_23,
          st_stairs_4, roderic_filled_cross
D:4:      layout_layer_cave, portal_sewer_entry_b, serial_shops,
          nicolae_shop_behind_doors
D:5:      layout_basic, minmay_temple_entry_statues_pillars, gammafunk_ghost_icy

Skill      XL: |  1  2  3  4  5  6  7 |
---------------+----------------------+-----
Fighting       | 2 3 4 |  4.7
Transmutations | 3 4 5 |  5.0
Spellcasting   | 3 |  3.1
Dodging        | |  2.0
Unarmed Combat | |  3.0

Action                   |  1- 3 |  4- 6 |  7- 9 || total
-------------------------+-------+-------+-------++-------
Melee: Unarmed           |    56 |   295 |    38 ||   389
       Constrict         |    17 |    65 |     7 ||    89
       Tentacles         |    12 |    49 |     6 ||    67
       Punch             |     1 |     5 |       ||     6
       Kick              |       |     6 |       ||     6
 Cast: Beastly Appendage |     2 |     1 |       ||     3
       Wereblood         |       |     2 |       ||     2
  Use: Potion            |       |     2 |       ||     2
       Scroll            |       |     3 |       ||     3
 Stab: Sleeping          |     4 |    17 |     2 ||    23
       Distracted        |       |     2 |       ||     2
Armor: Skin              |     3 |    19 |     4 ||    26
Dodge: Dodged            |    25 |   175 |    33 ||   233
